[Event "*** SCC Grand Prix: Titled Tuesday Blitz"]
[Site "Chess.com"]
[Date "2020.06.23"]
[Round "9"]
[White "nitpicker"]
[Black "baby_leo"]
[Result "1-0"]
[WhiteElo "2165"]
[BlackElo "1966"]
[TimeControl "180+1"]
[EndTime "11:46:52 PDT"]
[Termination "nitpicker won by resignation"]

1. d4 Nf6 2. c4 e6 3. g3 d5 4. Nf3 Be7 5. Bg2 O-O 6. O-O dxc4 7. Ne5 Nc6 8. Bxc6 bxc6 9. Nxc6 Qe8 10. Nxe7+ Qxe7 11. Qa4 c5 12. Qc6 Bb7 13. Qxc5 Qd7 14. Qxc4 Rac8 15.
Qd3 Qd5 16. f3 Rfd8 17. Nc3 Qh5 18. Qb5 Qxb5 19. Nxb5 Ba6 20. a4 Rc2 21. Re1 h5 22.
b3 h4 23. Bg5 hxg3 24. hxg3 Rd5 25. Bxf6 gxf6 26. Rad1 Bxb5 27. axb5 Rxb5 28. Ra1 Rxb3 29. Rxa7 Rbb2 30. Kf2 Kg7 31. Ra3 Rd2 32. Ke3 f5 33. Rd3 Rdc2 34. d5 e5 35. d6 Rc8 36. d7 Rd8 37. Red1 Rb4 38. Rd5 f4+ 39. gxf4 exf4+ 40. Kf2 Rb7 41. R5d4 Kf8 42. Kg2 Ke7 43. Kh3 Rbxd7 44.
Rxd7+ Rxd7 45. Rxd7+ Kxd7 46. Kg4 Ke6 47. Kxf4 Kf6 48. e4 Kg6 49. Ke5 Kg5 50. f4+ Kg6 51.
f5+ Kg5 52. Kd5 Kf6 53. Kd6 Kg5 54. Ke5 f6+ 55. Ke6 Kf4 56. Kxf6 Kxe4 57. Ke6 Kf4 58. f6 1-0

[Event "*** SCC Grand Prix: Titled Tuesday Blitz"]
[Site "Chess.com"]
[Date "2020.06.23"]
[Round "9"]
[White "DenLaz"]
[Black "cholzan"]
[Result "1-0"]
[WhiteElo "2714"]
[BlackElo "2384"]
[TimeControl "180+1"]
[EndTime "11:46:54 PDT"]
[Termination "DenLaz won by resignation"]

1. d4 d6 2. Nf3 Nd7 3. c4 e5 4.
Nc3 Ngf6 5. g3 Be7 6. Bg2 O-O 7. O-O c6 8. e4 a6 9. d5 cxd5 10. cxd5 b5 11. Ne1 Nb6 12. Nd3 Nfd7 13. b3 Qc7 14. Bd2 Nc5 15. Nxc5 dxc5 16. Be3 Bd6 17. Rc1 Qe7 18.
Qd2 Nd7 19. Ne2 Bb7 20. Rc2 Rfc8 21. Nc1 a5 22. Nd3 c4 23. bxc4 bxc4 24. Nc1 Ba6 25.
Ne2 c3 26. Qd1 Bb4 27. Re1 Qd6 28. Qa1 Bd3 29. Rxc3 Bxc3 30. Nxc3 Qb4 31. Bd2 Qd4 32.
Bh3 Rc7 33. Qb2 Rb8 34. Qa3 Qb4 35. Qxb4 axb4 36. d6 Rxc3 37. Bxd7 Rd8 38. Bxc3 bxc3 39. Ba4 Rxd6 40. Rd1 Rd4 41. Bb3 Kf8 42. f3 Be2 43. Rc1 Bxf3 44. Rxc3 Bxe4 45. Rc8+ Ke7 46. Rc7+ Rd7 47.
Rxd7+ Kxd7 48. Bxf7 h6 49. Kf2 Kd6 50. Ke3 Bd5 51. Bxd5 Kxd5 52. a3 g5 53. g4 Kc4 54.
Ke4 1-0

[Event "*** SCC Grand Prix: Titled Tuesday Blitz"]
[Site "Chess.com"]
[Date "2020.06.23"]
[Round "9"]
[White "Skatchkov_V"]
[Black "Justinz"]
[Result "1-0"]
[WhiteElo "2545"]
[BlackElo "2384"]
[TimeControl "180+1"]
[EndTime "11:46:54 PDT"]
[Termination "Skatchkov_V won by checkmate"]

1. Nf3 Nf6 2. g3 e6 3. Bg2 d5 4. O-O Be7 5. d3 O-O 6. Nbd2 c5 7. Re1 b5 8. e4 Nc6 9. e5 Nd7 10. Nf1 a5 11. Bf4 a4 12. h4 b4 13. h5 Nd4 14.
N1h2 Nxf3+ 15. Qxf3 Rb8 16. Ng4 d4 17. Qc6 b3 18. Qxa4 bxc2 19. Qxc2 Bb7 20. b3 Bxg2 21.
Kxg2 Nb6 22. Bd2 Nd5 23. f4 Qd7 24. Nf2 Rfc8 25. Ne4 h6 26. Rec1 f5 27. exf6 gxf6 28. Qd1 f5 29. Nf2 Kh7 30. Qf3 Rg8 31. Re1 Bh4 32.
Nh1 Rg4 33. Kh3 Bf6 34. Nf2 Rg7 35. g4 fxg4+ 36. Nxg4 Rbg8 37. Rg1 e5 38. Qxd5 Qc8 39. Qe4+ Kh8 40. f5 Bg5 41. Bxg5 Rxg5 42. Rg2 Qd8 43. Qxe5+ R8g7 44. Re1 Rxh5+ 45. Kg3 Qh4+ 46. Kf3 Qh3+ 47. Rg3 Qh4 48. Qe8+ Kh7 49. Re6 Rxf5+ 50. Kg2 Rfg5 51.
Nf6# 1-0

[Event "*** SCC Grand Prix: Titled Tuesday Blitz"]
[Site "Chess.com"]
[Date "2020.06.23"]
[Round "9"]
[White "LogoCzar"]
[Black "ExtremeLearner"]
[Result "0-1"]
[WhiteElo "2439"]
[BlackElo "2232"]
[TimeControl "180+1"]
[EndTime "11:46:55 PDT"]
[Termination "ExtremeLearner won by checkmate"]

1. d4 Nf6 2. e3 c5 3. c3 b6 4. f4 Bb7 5. Nf3 g6 6. Bd3 Bg7 7. O-O O-O 8. Nbd2 d6 9. e4 cxd4 10. cxd4 Nc6 11. a3 Rc8 12. Kh1 a5 13. e5 Nd5 14.
Ne4 dxe5 15. fxe5 Nc7 16. Be3 Ne6 17. Neg5 Ncxd4 18. Nxd4 Nxg5 19. Qg4 Ne6 20. Nxe6 Qxd3 21. Nxf8 Qxe3 22. Nd7 Rc2 23. Rg1 h5 24. Qg3 Qxg3 25. hxg3 Bc6 26. Nxb6 Bxe5 27. Rac1 Bxg2+ 28. Kh2 Rxb2 29. Rxg2 Rxb6 30. Re2 f6 31. Rc5 Rb3 32.
Rxa5 Bxg3+ 33. Kg2 Bd6 34. a4 h4 35. Rb5 Rg3+ 36.
Kf2 Ra3 37. a5 h3 38. Re3 Ra2+ 39. Re2 h2 40. Rb1 Bc5+ 41. Kf3 Rxe2 42. Kxe2 Bg1 43.
a6 h1=Q 44. Rb8+ Kg7 45. a7 Bxa7 46. Rb3 Qe4+ 47. Kd2 Qd4+ 48. Kc2 Qe5 49. Rd3 Bd4 50. Kb3 Bc5 51. Kc4 Bd6 52. Rd5 Qxd5+ 53. Kxd5 g5 54. Ke6 g4 55. Kf5 g3 56. Kg4 g2 57.
Kh5 g1=Q 58. Kh4 Qg3+ 59. Kh5 Qg5# 0-1

[Event "*** SCC Grand Prix: Titled Tuesday Blitz"]
[Site "Chess.com"]
[Date "2020.06.23"]
[Round "9"]
[White "hermionegrangermagic"]
[Black "Matibar"]
[Result "0-1"]
[WhiteElo "2563"]
[BlackElo "2824"]
[TimeControl "180+1"]
[EndTime "11:46:56 PDT"]
[Termination "Matibar won on time"]

1. e4 e6 2. d4 d5 3. Nc3 Bb4 4. e5 c5 5. a3 Bxc3+ 6. bxc3 Qa5 7. Bd2 Qa4 8. Qg4 Kf8 9. Qd1 b6 10. g3 Ba6 11. Bg2 Nc6 12. Nf3 Nge7 13. h4 h6 14. h5 cxd4 15. Rh4 Rc8 16. cxd4 Ke8 17. c3 Qxd1+ 18. Kxd1 Na5 19. Kc2 Kd7 20. Rb1 Nc4 21. Bc1 Nc6 22. Bf1 N6a5 23. Rg4 Rhg8 24. Bd3 f5 25.
exf6 gxf6 26. Rg6 Rxg6 27. hxg6 Ke7 28. Ra1 Rh8 29. Nh2 f5 30. g4 Kf6 31. gxf5 exf5 32.
Bf4 Kxg6 33. Nf3 Rc8 34. Nh4+ Kf6 35. Bxf5 Re8 36. Bd3 Bc8 37. Bxh6 Bg4 38. Rg1 Nxa3+ 39. Kc1 Rh8 40. Rxg4 Rxh6 41. Nf3 Rh1+ 42. Kb2 N3c4+ 43. Bxc4 Nxc4+ 44. Kc2 Rf1 45. Rg2 Ra1 46. Nh4 a5 47. Rg6+ Kf7 48. Rg5 Ke6 49. Rg6+ Kd7 50. Rg5 Kc6 51.
Ng6 Ra2+ 52. Kc1 Rxf2 53. Ne7+ Kb5 54. Rxd5+ Ka4 55. Nc8 Kb3 56. Kd1 Kxc3 57. Rb5 a4 58. Nxb6 Nxb6 59. Rxb6 a3 60. Ra6 a2 0-1

[Event "*** SCC Grand Prix: Titled Tuesday Blitz"]
[Site "Chess.com"]
[Date "2020.06.23"]
[Round "9"]
[White "Fusikk"]
[Black "MathiasWomacka"]
[Result "1-0"]
[WhiteElo "2560"]
[BlackElo "2432"]
[TimeControl "180+1"]
[EndTime "11:46:56 PDT"]
[Termination "Fusikk won by resignation"]

1. e4 c5 2. Nf3 d6 3. Bb5+ Nd7 4.
O-O a6 5. Bd3 Ngf6 6. Re1 b5 7. c3 Bb7 8. a4 c4 9. Bc2 Nc5 10. e5 dxe5 11. Nxe5 e6 12. d4 cxd3 13. Nxd3 Qd5 14. Nf4 Qxd1 15. Rxd1 Nxa4 16. Rxa4 bxa4 17. Bxa4+ Ke7 18. b3 Nd5 19. c4 Nb6 20. Ba3+ Kf6 21.
Nh5+ Kg5 22. Ng3 Bxa3 23. Nxa3 Rhd8 24. Rb1 Nxa4 25. bxa4 Bc6 26. a5 Rab8 27. Rc1 Rd2 28. Nb1 Rdb2 29. Nc3 f5 30. Nf1 R8b3 31. c5 Ra3 32.
Ne3 Rbb3 33. Ne2 Rxa5 34. Nd4 Rba3 35. Nxc6 Ra1 36. h4+ Kxh4 37. Rxa1 Rxa1+ 38. Kh2 Rc1 39. Nb4 Rxc5 40. Nxa6 f4 41. Nxc5 fxe3 42. fxe3 Kg5 43. Kg3 Kf5 44. Kf3 g5 45. g4+ Ke5 46. Nd3+ Kf6 47.
Nf2 Kg6 48. Nh1 h5 49. Ng3 h4 50. Ne4 Kh6 51. Nf2 Kg6 52. Nh3 Kf6 53. Ke4 Kg6 54. Ke5 1-0

[Event "*** SCC Grand Prix: Titled Tuesday Blitz"]
[Site "Chess.com"]
[Date "2020.06.23"]
[Round "9"]
[White "simplerXiao"]
[Black "boasovietica"]
[Result "1-0"]
[WhiteElo "2471"]
[BlackElo "2444"]
[TimeControl "180+1"]
[EndTime "11:46:57 PDT"]
[Termination "simplerXiao won on time"]

1. Nf3 d6 2. e4 c5 3. c3 Nf6 4.
Bd3 Bg4 5. O-O g6 6. h3 Bxf3 7. Qxf3 Bg7 8. Bb5+ Nbd7 9. d4 O-O 10. Bg5 Qb6 11. a4 a6 12. Bxd7 Nxd7 13. Na3 cxd4 14. cxd4 Qxd4 15. Rfd1 Qxb2 16. Bxe7 Rfe8 17. Rab1 Qe5 18. Bxd6 Qxe4 19. Rxb7 Qxf3 20. gxf3 Ne5 21. Bxe5 Rxe5 22. Rdd7 Rf5 23. Kg2 Rf4 24. Nc2 Rf8 25.
Rb4 Rxb4 26. Nxb4 a5 27. Nc6 Bc3 28. Ra7 Kg7 29. Nxa5 Bxa5 30. Rxa5 Rc8 31. Rb5 Rc2 32. f4 Ra2 33. a5 Ra3 34. f5 g5 35. f3 Kf6 36.
Kg3 h5 37. Rc5 Ra1 38. Rb5 Ra2 39. h4 gxh4+ 40. Kxh4 Ra3 41. Kxh5 Rxf3 42. Kg4 Ra3 43. Rb6+ Ke5 44. a6 Ra1 45. Rb7 Kf6 46. Rb6+ Ke5 47. f6 Rg1+ 48. Kf3 Ra1 49. Ke3 Kf5 50. Kd4 Kg5 51.
Kc5 Ra2 52. Rc6 Ra3 53. Kb6 Ra1 54. a7 Rb1+ 55. Kc7 Ra1 56. Kb7 1-0

[Event "*** SCC Grand Prix: Titled Tuesday Blitz"]
[Site "Chess.com"]
[Date "2020.06.23"]
[Round "9"]
[White "LuckSlayeer"]
[Black "imdarealist"]
[Result "0-1"]
[WhiteElo "2429"]
[BlackElo "2328"]
[TimeControl "180+1"]
[EndTime "11:46:58 PDT"]
[Termination "imdarealist won by resignation"]

1. Nf3 d5 2. g3 Nf6 3. Bg2 Bf5 4. O-O e6 5. d3 c6 6. Nbd2 Be7 7. Qe1 h6 8. e4 Bh7 9. b3 O-O 10. Bb2 a5 11. a3 Qb6 12. e5 Nfd7 13. Qe2 c5 14. Rab1 Nc6 15. c4 d4 16. Ba1 Qc7 17. Rfe1 Rab8 18.
h4 Bf5 19. Nf1 b5 20. N1h2 bxc4 21. bxc4 Rxb1 22. Rxb1 Rb8 23. Rd1 Ncxe5 24. Nxe5 Nxe5 25. f4 Nd7 26. Be4 Nf6 27. Bxf5 exf5 28. Nf3 Bd6 29.
Re1 Re8 30. Qd2 Qc6 31. Kg2 Rxe1 32. Qxe1 Ng4 33. Qe2 Ne3+ 34. Kf2 Qb7 35. Kg1 Qb1+ 36. Qe1 Qxd3 37. Bb2 Qc2 38. Qf2 Qxf2+ 39. Kxf2 Nd1+ 40. Ke1 Nxb2 41. Kd2 Nxc4+ 42. Kd3 Nxa3 43. Nd2 Be7 44.
Ke2 c4 45. Nf3 Bf6 46. Kd2 Nb5 47. Kc2 a4 48. Kb2 a3+ 49. Ka2 d3 50. Kb1 Nc3+ 51. Ka1 Na4+ 52. Ka2 c3 53. Kb3 d2 54. Kxa4 d1=Q+ 55. Kxa3 Qxf3 56. Kb3 Qxg3 57. Kc2 Qxf4 0-1

[Event "*** SCC Grand Prix: Titled Tuesday Blitz"]
[Site "Chess.com"]
[Date "2020.06.23"]
[Round "9"]
[White "Semetey"]
[Black "WIDBIFS"]
[Result "0-1"]
[WhiteElo "2537"]
[BlackElo "2712"]
[TimeControl "180+1"]
[EndTime "11:46:59 PDT"]
[Termination "WIDBIFS won on time"]

1. d4 Nf6 2. Nc3 g6 3. Bf4 d5 4. Qd2 Bg7 5. Bh6 O-O 6. O-O-O c5 7. Bxg7 Kxg7 8. e3 Nc6 9. Nf3 Bf5 10. dxc5 Qa5 11.
Nd4 Rfd8 12. Nxf5+ gxf5 13. Bd3 e6 14. h4 Ne4 15.
Bxe4 fxe4 16. f3 Qxc5 17. Qf2 exf3 18. gxf3 Kh8 19. h5 Rg8 20. Rhg1 Ne5 21. Kb1 Qe7 22. e4 dxe4 23. Nxe4 f6 24. f4 Nc6 25. Qh4 f5 26. Nf6 Rxg1 27. Rxg1 Rf8 28. h6 Qxf6 29. Qh5 Ne7 30.
Rg7 Ng6 31. Rxb7 Nxf4 32. Qf3 Ng6 33. Rxa7 Ne5 34. Qb7 Nf7 35. a4 f4 36. Qf3 Ng5 37. Qd3 f3 38. Rg7 f2 39. Qf1 Qxh6 40. Rd7 Ne4 41. Ka2 Ng3 42. Qd3 f1=Q 43. Qc3+ Qff6 44. Qxg3 Qhg6 45. Qc7 e5 46. a5 Qe6+ 47. b3 Qxc2+ 48. Qxc2 Qxd7 49. a6 Rd8 0-1

[Event "*** SCC Grand Prix: Titled Tuesday Blitz"]
[Site "Chess.com"]
[Date "2020.06.23"]
[Round "9"]
[White "Mikasinski"]
[Black "Julianos82"]
[Result "0-1"]
[WhiteElo "2360"]
[BlackElo "2257"]
[TimeControl "180+1"]
[EndTime "11:47:01 PDT"]
[Termination "Julianos82 won by resignation"]

1. e4 c5 2. Nf3 b6 3. d4 cxd4 4. Nxd4 Bb7 5. Bd3 a6 6. O-O e6 7. Nd2 Qc7 8. a4 Nf6 9. Re1 Bd6 10. g3 Nc6 11. Nxc6 Qxc6 12. Nf3 Bc5 13. Be3 d6 14. Bxc5 bxc5 15. c4 O-O 16. Nd2 Nd7 17. Bf1 Rab8 18. b3 f5 19. Bg2 f4 20. Qg4 Rf6 21. gxf4 Rg6 22. Qh3 Rf8 23. Qe3 e5 24. fxe5 dxe5 25. Kh1 Rf4 26. Rg1 Nf6 27. Bf3 Rxg1+ 28. Rxg1 h6 29.
Re1 Kh7 30. Kg1 Qd7 31. Nf1 Bxe4 32. Be2 Ng4 33. Bxg4 Qxg4+ 34. Ng3 Qh3 35. Nxe4 Rg4+ 36. Ng3 Rg5 37. Qe4+ Kh8 38. Qa8+ Kh7 39. Qe4+ Kh8 40.
Qg2 Qg4 41. f3 Qd4+ 42. Qf2 Qc3 43. Re3 Qc1+ 44. Kg2 h5 45. h4 Rg6 46. Re1 Qf4 47. Re4 Qc1 48. Rxe5 Qf4 49. Rxh5+ Kg8 50. Rxc5 Qxh4 51.
Rc8+ Kh7 52. Re8 Qf4 53. Re4 Qf6 54. Qg1 Qb2+ 55. Kh1 Rh6+ 56. Qh2 Rxh2+ 0-1

[Event "*** SCC Grand Prix: Titled Tuesday Blitz"]
[Site "Chess.com"]
[Date "2020.06.23"]
[Round "9"]
[White "davigator"]
[Black "chesslh19"]
[Result "1-0"]
[WhiteElo "2297"]
[BlackElo "2124"]
[TimeControl "180+1"]
[EndTime "11:47:02 PDT"]
[Termination "davigator won by resignation"]

1. e4 c5 2. Nf3 d6 3. d4 cxd4 4. Nxd4 Nf6 5. Nc3 e6 6. Bg5 Be7 7. f4 Nc6 8. Qd2 h6 9. Bxf6 Bxf6 10.
Nxc6 bxc6 11. O-O-O d5 12. g4 O-O 13. h4 dxe4 14. Nxe4 Qxd2+ 15. Rxd2 Bb7 16. Nc5 Bc8 17. Bg2 Rb8 18. c3 Rb5 19. Ne4 Be7 20. g5 Rd5 21.
Rhd1 Rfd8 22. c4 Rxd2 23. Rxd2 Kf8 24. c5 Rd5 25. b4 f5 26. Nc3 Rxd2 27. Kxd2 Bd7 28.
Ne2 a5 29. a3 axb4 30. axb4 hxg5 31. hxg5 e5 32. Ke3 exf4+ 33. Kxf4 Kf7 34. Nd4 Kg6 35. Bxc6 Bxg5+ 36. Kf3 Bxc6+ 37. Nxc6 Kf7 38. b5 Ke8 39. b6 Bd8 40. Kf4 Kd7 41. Ne5+ Kc8 42. Kxf5 Kb7 43. Ke6 Bxb6 44. c6+ Kc7 45. Kd5 Ba5 46. Ng6 Be1 47. Kc5 Bf2+ 48. Kd5 Bg3 49. Nf8 g5 50. Ne6+ Kc8 51.
Nxg5 Kc7 52. Ne6+ Kc8 53. Nc5 Bh2 54. Nb7 Kc7 55. Nc5 Kc8 56. Ne6 Bg3 57. Kc5 Bh2 58.
Kb6 Bg1+ 59. Kb5 Bh2 60. Nc5 Kc7 61. Nb7 Bg3 62. Kc5 Bh2 63. Kd5 Bg3 64. Nc5 Bh2 65.
Nd3 Kc8 66. Nc5 Kc7 67. Ne4 Kc8 68. Kc5 Kc7 69. Kb5 Kc8 70. Nc5 Kc7 71. Ne6+ Kc8 72.
Kb6 Bg1+ 73. Ka6 Bh2 74. Nd4 Kc7 75. Kb5 Bg1 76. Nf5 Kc8 77. Ne7+ Kc7 78. Kc4 Bh2 79.
Kd5 Kd8 80. Ke6 Kc7 81. Kd5 Kd8 82. Nf5 Kc7 83. Nd4 Kc8 84. Nf3 Bg3 85. Ng5 Kc7 86.
Ne4 Kc8 87. Nxg3 1-0

[Event "*** SCC Grand Prix: Titled Tuesday Blitz"]
[Site "Chess.com"]
[Date "2020.06.23"]
[Round "9"]
[White "vpsetter"]
[Black "stolencandy13"]
[Result "1-0"]
[WhiteElo "2607"]
[BlackElo "2425"]
[TimeControl "180+1"]
[EndTime "11:47:05 PDT"]
[Termination "vpsetter won by resignation"]

1. e4 c6 2. d4 d5 3. Nc3 dxe4 4.
Nxe4 Bf5 5. Ng3 Bg6 6. h4 h6 7. Nf3 Nd7 8. h5 Bh7 9. Bd3 Bxd3 10. Qxd3 e6 11. Bd2 Ngf6 12. O-O-O Be7 13. Kb1 Qb6 14. Qe2 Rc8 15. Ne5 O-O 16. Nxd7 Nxd7 17. Ne4 Nf6 18. Bc1 Rfd8 19. c3 Nxe4 20. Qxe4 Rd5 21.
g4 Rcd8 22. Rde1 c5 23. dxc5 Qxc5 24. f4 Bf6 25. g5 hxg5 26. h6 g4 27. Reg1 Rh5 28.
hxg7 Bxg7 29. Rxh5 Qxh5 30. Qxb7 Qf5+ 31. Ka1 a5 32.
Qg2 Kf8 33. Qxg4 Qxg4 34. Rxg4 Rd1 35. Kb1 Bh6 36. Kc2 Rf1 37. Bd2 Rf2 38. Kd3 e5 39.
Rh4 Kg7 40. Be3 Rxb2 41. Rg4+ Kh7 42. fxe5 Bxe3 43. Kxe3 Rxa2 44. Kd3 Ra1 45. c4 a4 46. c5 Rc1 47. Rc4 Re1 48. c6 Rxe5 49. c7 Re8 50.
c8=Q Rxc8 51. Rxc8 a3 52. Ra8 a2 53. Rxa2 Kg6 54. Ke3 Kf5 55. Kf3 f6 1-0

[Event "*** SCC Grand Prix: Titled Tuesday Blitz"]
[Site "Chess.com"]
[Date "2020.06.23"]
[Round "9"]
[White "Kavyev_Ruslan"]
[Black "Orest_Vovk"]
[Result "1/2-1/2"]
[WhiteElo "2539"]
[BlackElo "2405"]
[TimeControl "180+1"]
[EndTime "11:47:05 PDT"]
[Termination "Game drawn - insufficient material"]

1. d4 Nc6 2. Nf3 e5 3. e4 exd4 4. Nxd4 Bb4+ 5. c3 Be7 6. Be2 Nf6 7. Qc2 d5 8. Nxc6 bxc6 9. Nd2 O-O 10. O-O Re8 11. Rd1 Bd6 12. Bf3 Bg4 13. exd5 Bxf3 14. Nxf3 cxd5 15. Bg5 c6 16. c4 h6 17. Bxf6 Qxf6 18.
cxd5 cxd5 19. Rxd5 Rac8 20. Qb3 Rb8 21. Qd3 Qxb2 22.
Rd1 Bf8 23. a4 Qa2 24. a5 Be7 25.
h3 Bf6 26. Rd2 Qa1+ 27. Rd1 Qa2 28. Nh2 Rbd8 29. Ng4 Rxd5 30. Qxd5 Re1+ 31. Kh2 Qxd5 32.
Rxd5 Ra1 33. Nxf6+ gxf6 34. Kg3 Kg7 35. f3 Kg6 36. Kg4 Ra2 37. g3 Ra4+ 38. f4 Ra3 39. h4 Ra4 40. h5+ Kg7 41. Kf5 Rb4 42. Rc5 Rb3 43. Kg4 Ra3 44. Rb5 Ra4 45. Rd5 Ra3 46. Rc5 a6 47. Rd5 Ra4 48. Kf5 Ra3 49. g4 Rb3 50. Rc5 Rb4 51. g5 fxg5 52. fxg5 hxg5 53.
Kxg5 Rb1 54. h6+ Kh7 55. Kf6 Rf1+ 56. Rf5 Rxf5+ 57. Kxf5 Kxh6 58. Kf6 Kh5 59. Kxf7 Kg5 60. Ke6 Kg6 61. Kd6 Kf6 62. Kc6 Ke6 63. Kc7 Ke7 64. Kc6 Kd8 65. Kb7 Kd7 66. Kb6 Kc8 67. Kxa6 Kb8 68. Kb6 Ka8 69. a6 Kb8 70. a7+ Ka8 71.
Kc5 Kxa7 1/2-1/2

[Event "*** SCC Grand Prix: Titled Tuesday Blitz"]
[Site "Chess.com"]
[Date "2020.06.23"]
[Round "9"]
[White "Lupul_Cenusiu"]
[Black "rpragchess"]
[Result "0-1"]
[WhiteElo "2569"]
[BlackElo "2775"]
[TimeControl "180+1"]
[EndTime "11:47:07 PDT"]
[Termination "rpragchess won on time"]

1. d4 Nf6 2. Nf3 b6 3. Bg5 e6 4. Nbd2 h6 5. Bxf6 Qxf6 6. e4 Bb7 7. Bd3 d6 8. Qe2 g5 9. h3 Bg7 10. c3 Qe7 11. Nf1 c5 12. dxc5 dxc5 13. Ng3 h5 14.
Nd2 h4 15. Nh5 Be5 16. Nc4 Nc6 17. Nxe5 Nxe5 18. Bb5+ Kd8 19. f4 gxf4 20. Nxf4 Kc7 21. O-O-O Rhg8 22. Rhf1 Rad8 23. Rxd8 Qxd8 24. Nd3 Nxd3+ 25.
Bxd3 Qg5+ 26. Kc2 Rg7 27. Rf2 Qe5 28. Qf1 f6 29. Rxf6 Rxg2+ 30. Qxg2 Qxf6 31. Qg4 Kd6 32. a4 Bc6 33. Kb3 Qf2 34. Qg5 Qg3 35. Qd8+ Ke5 36. Qc7+ Kf6 37. Qxc6 Qxd3 38. Qc7 Qxh3 39. Qxa7 Qd3 40.
Qxb6 h3 41. Qb8 Qxe4 42. Qh8+ Ke7 43. Qxh3 Qd5+ 44. Ka3 Qd1 45. Qh4+ Kd6 46. Ka2 e5 47. Qe4 Ke6 48. Qa8 Kf5 49. Qf8+ Ke4 50. Qxc5 Qxa4+ 51. Kb1 Qd1+ 52. Ka2 Kf4 53. Qc7 Qa4+ 54. Kb1 Qd1+ 55. Ka2 Qd5+ 56. Ka1 Kf3 0-1

[Event "*** SCC Grand Prix: Titled Tuesday Blitz"]
[Site "Chess.com"]
[Date "2020.06.23"]
[Round "9"]
[White "AndrewDGreen"]
[Black "CarlssonLudvig"]
[Result "0-1"]
[WhiteElo "2297"]
[BlackElo "2433"]
[TimeControl "180+1"]
[EndTime "11:47:07 PDT"]
[Termination "CarlssonLudvig won by resignation"]

1. d4 Nf6 2. Nf3 g6 3. Nc3 Bg7 4. e4 d6 5. Be3 c6 6. Qd2 Qa5 7. h4 h5 8. O-O-O Bg4 9. e5 Nd5 10.
Nxd5 Qxd2+ 11. Bxd2 cxd5 12. exd6 Bxf3 13. gxf3 e6 14.
Bg5 Kd7 15. Bf4 Bh6 16. Bxh6 Rxh6 17. c4 dxc4 18. Bxc4 Kxd6 19. d5 e5 20. f4 exf4 21. Rhe1 Nd7 22. Kb1 Rhh8 23. Re4 Rac8 24. Rxf4 Ne5 25.
Bb3 Rhd8 26. Re1 Re8 27. Rf6+ Ke7 28. Rf4 Kd6 29. Rfe4 f5 30. R4e2 f4 31. Re4 f3 32.
Rf4 Nd3 33. Rf6+ Kc7 34. Rxe8 Rxe8 35. d6+ Kd8 36. a3 Re1+ 37. Kc2 Nc5 38. Bc4 Re2+ 39.
Bxe2 fxe2 40. Rf8+ Kd7 41. Kd2 Kxd6 42. Kxe2 Ke6 43. Rg8 Kf5 44. Rc8 b6 45. f3 Kf4 46.
Rg8 Kf5 47. Ke3 Ne6 48. Re8 Nc7 49. Re7 Nd5+ 50. Kd4 Nxe7 51. b3 Kf4 52. Kc4 g5 53. Kb5 gxh4 54. Ka6 Nc6 55. b4 h3 56. a4 Nxb4+ 57. Kb7 Nd5 58. Kc6 Ke5 0-1

[Event "*** SCC Grand Prix: Titled Tuesday Blitz"]
[Site "Chess.com"]
[Date "2020.06.23"]
[Round "9"]
[White "penguingm1"]
[Black "StephenDedalus83"]
[Result "0-1"]
[WhiteElo "2908"]
[BlackElo "2809"]
[TimeControl "180+1"]
[EndTime "11:47:08 PDT"]
[Termination "StephenDedalus83 won on time"]

1. d4 Nf6 2. c4 g6 3. f3 Bg7 4.
e4 d6 5. Nc3 O-O 6. Nge2 a6 7.
Be3 Nbd7 8. Qd2 c5 9. dxc5 dxc5 10. Rd1 Qc7 11. Nf4 e6 12. h4 h5 13. Be2 Ne5 14.
O-O Nfd7 15. Nh3 Nc6 16. f4 Nd4 17. e5 Nf5 18. Bf2 b6 19. Ne4 Bb7 20. Nd6 Rad8 21.
Nxb7 Qxb7 22. Bf3 Qc7 23. Qe2 Nb8 24. Qe4 b5 25. b3 Nd4 26. Ng5 Nxf3+ 27. Qxf3 bxc4 28.
bxc4 Nc6 29. Ne4 Nd4 30. Bxd4 cxd4 31. Nd6 Rxd6 32. exd6 Qxd6 33. Rf2 Qc5 34. Qd3 Rb8 35. g3 Rb4 36. Rc2 Bf6 37. Kg2 Kg7 38. Rdd2 a5 39.
Rd1 Qc6+ 40. Qf3 Qc5 41. Rdc1 Rb6 42. Qd3 Rb4 43. Kh2 Rb6 44. Qf3 Rb4 45. Qa3 Be7 46. Rb2 d3 47. Rd2 Qe3 48. Qxd3 Qxd3 49. Rxd3 Rb2+ 50.
Kh1 Bc5 51. a3 Ra2 52. Rcc3 Kf6 53. Rb3 a4 54. Rb5 Bxa3 55. Ra5 Be7 56. c5 Rc2 57. Rxa4 Bxc5 58. Rd7 Kf5 59. Rd3 Kg4 60. Ra5 Bf2 0-1

[Event "*** SCC Grand Prix: Titled Tuesday Blitz"]
[Site "Chess.com"]
[Date "2020.06.23"]
[Round "9"]
[White "szachuspl"]
[Black "kingofthenil"]
[Result "0-1"]
[WhiteElo "2547"]
[BlackElo "2419"]
[TimeControl "180+1"]
[EndTime "11:47:08 PDT"]
[Termination "kingofthenil won by checkmate"]

1. d4 Nf6 2. c4 c5 3. d5 e6 4.
Nc3 exd5 5. cxd5 d6 6. e4 g6 7. Nf3 Bg7 8. Be2 O-O 9. Bg5 a6 10. a4 h6 11. Bh4 g5 12. Bg3 Nh5 13. Nd2 Nxg3 14. hxg3 Nd7 15. O-O Ne5 16. Nc4 Nxc4 17. Bxc4 Rb8 18. a5 b5 19. axb6 Rxb6 20. Ra2 Rb4 21.
Bd3 Bd7 22. Bxa6 Qb6 23. Qc2 Ra8 24. Rfa1 Rb8 25. Rb1 Ra8 26. Bd3 Rxa2 27. Nxa2 Rxb2 28. Rxb2 Qxb2 29. Qc4 Bd4 30. Be2 Bg4 31. Nc1 Bxe2 32. Nxe2 Qb1+ 33. Kh2 Qxe4 34. Ng1 Qe1 35. Nh3 Bxf2 36.
Qg4 Bd4 37. Qc8+ Kg7 38. Qf5 Qe5 39. Qf3 c4 40. Ng1 Bxg1+ 41. Kxg1 c3 42. Qd3 Qe1+ 43. Kh2 Qd2 44. Qa6 c2 45. Qxd6 c1=Q 46. Qe5+ Kg6 47. Qe4+ Kg7 48. Qe5+ f6 49. Qe7+ Kg6 50. Qe4+ Kf7 51.
Qe6+ Kf8 52. Qxf6+ Ke8 53. Qe6+ Kd8 54. Qd6+ Kc8 55.
Qf8+ Kb7 56. Qg7+ Qc7 57. Qxh6 Qxd5 58. Qg6 Qcc6 59. Qb1+ Kc7 60. Qh7+ Kb6 61. Qb1+ Qcb5 62. Qh7 Qb2 63. Qg6+ Qc6 64. Qh7 Qbxg2# 0-1

[Event "*** SCC Grand Prix: Titled Tuesday Blitz"]
[Site "Chess.com"]
[Date "2020.06.23"]
[Round "9"]
[White "Sadykov_Ramil"]
[Black "picturesquecheck"]
[Result "1-0"]
[WhiteElo "2399"]
[BlackElo "2116"]
[TimeControl "180+1"]
[EndTime "11:47:08 PDT"]
[Termination "Sadykov_Ramil won by resignation"]

1. e4 c5 2. Nf3 Nc6 3. d4 cxd4 4. Nxd4 g6 5. c4 Bg7 6. Be3 Nf6 7. Nc3 d6 8. Be2 O-O 9. O-O Bd7 10. Qd2 Nxd4 11. Bxd4 Bc6 12. f3 a5 13. Rfc1 Nd7 14. Be3 Nc5 15.
b3 Be5 16. Rab1 e6 17. g3 Qd7 18. Bf1 f5 19. f4 Bxc3 20. Qxc3 Nxe4 21. Qd4 Qe7 22.
Rd1 e5 23. Qd3 Rad8 24. Bg2 Nc5 25. Bd5+ Kh8 26. Qc3 Bxd5 27. Rxd5 Ne4 28. Qxa5 exf4 29.
Bxf4 g5 30. Be3 Ra8 31. Qb6 Rxa2 32. Rf1 Nf6 33. Rdxf5 Qe4 34. R5f2 Rxf2 35. Bxf2 Kg7 36. Bd4 Kg6 37. Qxd6 Kh5 38. Qe5 Qxe5 39. Bxe5 Nd7 40.
Rxf8 Nxf8 41. Kf2 Nd7 42. Bd6 Kg6 43. Ke3 Kf5 44. Kd4 Ke6 45. Bc7 g4 46. Ke4 Nc5+ 47.
Kf4 Nxb3 48. Kxg4 Nd2 49. c5 Ne4 50. Bb6 Kd5 51. Kh5 Nxc5 52. Kh6 Nd7 53. Ba5 Nf6 54.
Kg7 Ke6 55. Bc3 Ng4 56. h4 Ne3 57. Kxh7 Nf5 58. Be1 b5 59. g4 Ne3 60. g5 Ng2 61. g6 Nxh4 62. Bxh4 1-0

[Event "*** SCC Grand Prix: Titled Tuesday Blitz"]
[Site "Chess.com"]
[Date "2020.06.23"]
[Round "9"]
[White "Bhagya_2312"]
[Black "MoreChessJulia"]
[Result "0-1"]
[WhiteElo "2061"]
[BlackElo "1765"]
[TimeControl "180+1"]
[EndTime "11:47:09 PDT"]
[Termination "MoreChessJulia won on time"]

1. e4 g6 2. d4 Bg7 3. Nc3 c5 4. d5 Bxc3+ 5. bxc3 d6 6. Bb5+ Bd7 7. Bxd7+ Nxd7 8.
c4 b6 9. f4 Ngf6 10. Qd3 O-O 11. Nf3 Qc7 12. Bb2 Rae8 13. e5 dxe5 14. fxe5 Ng4 15.
Qe2 e6 16. h3 Nh6 17. O-O exd5 18. cxd5 Nf5 19. Rfe1 Re7 20. e6 fxe6 21. dxe6 Nf6 22. Ng5 Nd5 23. Be5 Qc6 24. c4 Nf6 25. Rad1 Ne8 26. Bc3 Neg7 27. Qe5 Rfe8 28. Rd5 h6 29. Qf6 hxg5 30. Qxg6 Rxe6 31. Rxe6 Qxe6 32. Qxg5 Qe3+ 33. Qxe3 Rxe3 34. Bd2 Ra3 35. Rd7 Rxa2 36. g4 Rxd2 37. Rxd2 Nd4 38. Ra2 Nc6 39. Re2 Kf7 40. h4 Ne6 41. Kf2 Ned4 42. Re4 Na5 43. g5 Nxc4 44. h5 Nd6 45. Rf4+ N6f5 46. Ke1 a5 47. Kd2 a4 48. Re4 a3 49. Kc1 b5 50. Kb1 b4 51.
Ka2 Nb5 52. Re5 Nc3+ 53. Kb3 Nd4+ 54. Kc4 a2 55. Re1 Nc2 56. Rf1+ Kg7 0-1